 Dungeon Crawl Stone Soup version 0.32-a0-931-g5a2cda0630 (webtiles) character file.

Game seed: 6414991613887955272

7417 funkygono the Thaumaturge (level 10, -5/52 HPs)
             Began as a Deep Elf Fire Elementalist on Apr 13, 2024.
             Was a Believer of Sif Muna.
             Killed from afar by an efreet (23 damage)
             ... with a bolt of fire
             ... on level 9 of the Dungeon.
             The game lasted 00:17:30 (9687 turns).

funkygono the Thaumaturge (DEFE)                    Turns: 9687, Time: 00:17:31

Health: -5/52      AC: 11    Str:  5    XL:     10   Next: 93%
Magic:  12/39      EV: 12    Int: 25    God:    Sif Muna [**....]
Gold:   0          SH:  0    Dex: 15    Spells: 29/37 levels left

rFire   . . .        y - +6 short sword
rCold   . . .        (no shield)
rNeg    + . .        C - +0 robe {rN+}
rPois   .            h - +1 helmet
rElec   .            a - +0 cloak
rCorr   .            v - +1 pair of gloves
SInv    .            (no boots)
Will    +....        (no amulet)
Stlth   +++          g - +4 ring of protection
HPRegen 0.28/turn    o - ring of magical power
MPRegen 0.26/turn

%: no passive effects
@: mighty, studying Maces & Flails
A: no striking features
a: Renounce Religion, Channel Magic


You were on level 9 of the Dungeon.
You worshipped Sif Muna.
Sif Muna was pleased with you.
You visited 2 branches of the dungeon, and saw 10 of its levels.

You collected 126 gold pieces.
You spent 126 gold pieces at shops.

Inventory:

Hand Weapons
 c - a +1 short sword of venom
 y - a +6 short sword (weapon)
Missiles
 t - 2 throwing nets
Armour
 a - a +0 cloak (worn)
 h - a +1 helmet (worn)
 i - a scarf of invisibility
 v - a +1 pair of gloves (worn)
 C - a +0 robe of positive energy (worn)
Jewellery
 g - a +4 ring of protection (left hand)
 o - a ring of magical power (right hand)
 B - a ring of protection from fire
Wands
 k - a wand of warping (19)
 m - a wand of flame (12)
Scrolls
 f - 6 scrolls of teleportation
 j - a scroll of vulnerability
 n - a scroll of torment
 w - a scroll of blinking
 x - 2 scrolls of identify
Potions
 b - 4 potions of curing
 d - 3 potions of lignification
 e - 2 potions of attraction
 l - a potion of brilliance {unknown}
 p - 2 potions of mutation
 q - a potion of cancellation {unknown}
 s - a potion of magic
 u - 2 potions of ambrosia
 z - a potion of might


   Skills:
 + Level 1.2 Fighting
 + Level 3.6 Dodging
 + Level 3.9 Stealth
 + Level 14.3 Spellcasting
 + Level 6.7 Conjurations
 + Level 2.5 Necromancy
 + Level 11.6 Fire Magic
 + Level 1.4 Invocations


You had 29 spell levels left.
You knew the following spells:

 Your Spells              Type           Power      Damage    Failure   Level
a - Foxfire               Conj/Fire      100%       2x1d9     1%          1
b - Scorch                Fire           100%       2d9       1%          2
c - Flame Wave            Conj/Fire      59%        2d14      1%          4
d - Necrotise             Necr           100%       1d9       1%          1

Your spell library contained the following spells:

 Spells                   Type           Power      Damage    Failure   Level
 Momentum Strike          Conj/Tloc      68%        3d9       1%          2
 Inner Flame              Hex/Fire       47%        N/A       1%          3
 Volatile Blastmotes      Fire/Tloc      94%        2d17      1%          3
 Vampiric Draining        Necr           30%        2d8       3%          3
 Blink                    Tloc           34%        N/A       4%          2
 Jinxbite                 Hex            34%        N/A       4%          2
 Lesser Beckoning         Tloc           34%        N/A       4%          2
 Iskenderun's Battlesphe  Conj           51%        2d10      5%          5
 Animate Dead             Necr           30%        N/A       11%         4
 Martyr's Knell           Necr/Summ      24%        N/A       19%         4
 Curse of Agony           Necr           30%        N/A       30%         5
 Yara's Violent Unravell  Hex/Alch       8%         3d5       65%         5
 Bombard                  Conj/Erth      17%        9d3       77%         6
 Enfeeble                 Hex            8%         N/A       100%        7
 Haunt                    Necr/Summ      12%        N/A       100%        7
 Spellforged Servitor     Conj/Summ      17%        N/A       100%        7
 Infestation              Necr           15%        N/A       100%        8


Dungeon Overview and Level Annotations

Branches:
Dungeon (9/15)             Temple (1/1) D:5
   Lair: D:8-11         Orc: D:9-12

Altars:
Ashenzari
Cheibriados
Dithmenos
Elyvilon
Fedhas
Gozag
Hepliaklqana
Kikubaaqudgha
Makhleb
Nemelex Xobeh
Okawaru
Qazlal
Ru
Sif Muna
Trog
Uskayaw
Vehumet
Wu Jian
Xom
Yredelemnul
Zin
The Shining One

Shops:
D:7 (   D:9 *


Message History

You conjure some foxfire!
The bullfrog closely misses you. The bullfrog hits you.
Casting: Foxfire (safe; 1% risk of failure)
Confirm with . or Enter, or press ? or * to list all spells.
Flames lash the bullfrog.
The bullfrog is burned terribly!
The bullfrog is severely wounded.
The foxfire hits the bullfrog!
The bullfrog is burned terribly!
You kill the bullfrog!
Sif Muna accepts your kill.
An efreet comes into view.
It is wielding a +2 scimitar of flaming.
Casting: Scorch (safe; 1% risk of failure)
Confirm with . or Enter, or press ? or * to list all spells.
You conjure some foxfire!
The foxfire hits the steam dragon.
The steam dragon is lightly wounded.
The steam dragon breathes steam at you. The ball of steam hits you!
You hear a shout!
Casting: Foxfire (safe; 1% risk of failure)
Confirm with . or Enter, or press ? or * to list all spells.
You conjure some foxfire!
You are engulfed in a cloud of scalding steam.
The foxfire hits the steam dragon.
The steam dragon is moderately wounded.
A steam dragon comes into view.
Casting: Foxfire (safe; 1% risk of failure)
Confirm with . or Enter, or press ? or * to list all spells.
You conjure some foxfire!
You are engulfed in a cloud of scalding steam.
The foxfire hits the steam dragon but does no damage.
The steam dragon is moderately wounded.
The foxfire hits the efreet but does no damage. x2
It was a potion of might.
You feel very mighty all of a sudden.
You are engulfed in a cloud of scalding steam.
The foxfire hits the steam dragon!
The steam dragon is heavily wounded.
The foxfire hits the efreet.
The efreet completely resists.
The efreet gestures at you. The bolt of fire hits you!!
You die...

..○○#.♣.§☼# #○§§§..☼§#
#○§°...☼☼# #.§R°)DD.#
.. #°.§.)# ... #§.§$.#
#?. #...§.# #. #§§.§§#
. #§§.@.#.#
#§♣...#.##.#
##♣..##..#.# ♣...#.....
#♣♣...#..#<# #####
#.....#.##.# #....
#♣..♣♣#.##.# #.... ♣♣)♣
#.##.######..## #
#####)###.>.......#..##


You could see an efreet and a steam dragon.

Vanquished Creatures
  Erica (D:9)
  A two-headed ogre (D:9)
  An arcanist (D:9)
  Maurice (D:9)
  2 trolls (D:9)
  A hornet (D:8)
  Grinder (D:5)
  Prince Ribbit (D:9)
  Sigmund (D:4)
  A wyvern (D:9)
  2 steam dragons
  A water moccasin (D:6)
  4 orc warriors (D:9)
  A black bear (D:7)
  An ogre (D:5)
  A boggart (D:9)
  4 centaurs (D:9)
  4 kobold brigands
  4 bullfrogs
  A gnoll sergeant (D:7)
  3 scorpions
  11 wights
  3 killer bees (D:9)
  4 howler monkeys
  3 hounds
  6 jellies
  8 orc priests
  2 sleepcaps (D:6)
  An iguana (D:6)
  Natasha (thrice) (D:2)
  Terence (D:2)
  16 orc wizards
  9 gnolls
  4 adders
  2 white imps
  2 ufetubi (D:5)
  A ribbon worm (D:3)
  2 dart slugs
  19 orcs
  2 ball pythons
  4 bats
  7 endoplasms
  2 giant cockroaches
  4 goblins
  5 hobgoblins
  7 jackals
  4 quokkas
  3 frilled lizards
  14 kobolds
  8 rats
194 creatures vanquished.

Vanquished Creatures (collateral kills)
  4 foxfires
4 creatures vanquished.

Vanquished Creatures (others)
  690 foxfires
690 creatures vanquished.

Grand Total: 888 creatures vanquished

Notes
Turn   | Place    | Note
-------+----------+-------------------------------------------
     0 | D:1      | funkygono the Deep Elf Fire Elementalist began the quest
                  | for the Orb.
     0 | D:1      | Reached XP level 1. HP: 10/10 MP: 6/6
   261 | D:1      | Reached XP level 2. HP: 15/15 MP: 6/8
   280 | D:1      | Learned a level 2 spell: Scorch
   599 | D:1      | Found a faded altar of an unknown god.
   620 | D:1      | Reached XP level 3. HP: 13/19 MP: 2/10
   870 | D:2      | Noticed Terence
   879 | D:2      | Killed Terence
   880 | D:2      | Reached skill level 4 in Spellcasting
   983 | D:2      | Noticed Natasha
   987 | D:2      | Killed Natasha
   988 | D:2      | Reached XP level 4. HP: 24/24 MP: 2/12
  1232 | D:2      | Noticed Natasha
  1237 | D:2      | Killed Natasha
  1299 | D:2      | You fall into a shaft and drop 2 floors!
  1342 | D:3      | Found a shadowy altar of Dithmenos.
  1490 | D:2      | Noticed Natasha
  1492 | D:2      | Killed Natasha
  1493 | D:2      | Reached skill level 5 in Fire Magic
  1493 | D:2      | Reached XP level 5. HP: 28/28 MP: 5/13
  2268 | D:3      | Learned a level 4 spell: Flame Wave
  2687 | D:3      | Found a burning altar of Makhleb.
  2840 | D:3      | Learned a level 1 spell: Necrotise
  3283 | D:4      | Found a hazy altar of Hepliaklqana.
  3543 | D:4      | Found a broken altar of Ashenzari.
  3598 | D:4      | Noticed Sigmund
  3602 | D:4      | Killed Sigmund
  3603 | D:4      | Reached skill level 5 in Spellcasting
  3603 | D:4      | Reached XP level 6. HP: 32/32 MP: 8/16
  3817 | D:5      | Entered Level 5 of the Dungeon
  3886 | D:5      | Noticed Grinder
  3899 | D:5      | Killed Grinder
  3900 | D:5      | Reached skill level 6 in Spellcasting
  3900 | D:5      | Reached XP level 7. HP: 36/36 MP: 16/18
  4347 | D:5      | Reached skill level 7 in Spellcasting
  4871 | D:5      | Found a staircase to the Ecumenical Temple.
  4876 | D:5      | Reached skill level 8 in Spellcasting
  4905 | D:5      | Reached XP level 8. HP: 41/41 MP: 22/22
  4908 | Temple   | Entered the Ecumenical Temple
  4919 | Temple   | Became a worshipper of Sif Muna the Loreminder
  5548 | D:6      | Reached skill level 9 in Spellcasting
  5830 | D:6      | Found a glowing golden altar of the Shining One.
  6143 | D:7      | Reached skill level 5 in Conjurations
  6149 | D:7      | Reached * piety under Sif Muna
  6288 | D:7      | Reached skill level 10 in Spellcasting
  6553 | D:7      | Reached XP level 9. HP: 45/45 MP: 22/25
  6561 | D:7      | Reached skill level 1 in Necromancy
  6685 | D:7      | Found Siesumoj's Weapon Shoppe.
  7293 | D:7      | Found a radiant altar of Vehumet.
  7332 | D:7      | Found a bloodstained altar of Trog.
  7818 | D:8      | Reached skill level 11 in Spellcasting
  8150 | D:8      | Paralysed by a hornet for 3 turns
  8561 | D:8      | Found a sacrificial altar of Ru.
  8635 | D:8      | Identified a scroll of acquirement
  8635 | D:8      | Acquired a book of Power
  8669 | D:9      | Noticed Prince Ribbit
  8675 | D:9      | Killed Prince Ribbit
  8753 | D:9      | Reached skill level 12 in Spellcasting
  8794 | D:9      | Reached skill level 10 in Fire Magic
  8865 | D:9      | Reached XP level 10. HP: 26/51 MP: 23/28
  8947 | D:9      | Reached ** piety under Sif Muna
  8994 | D:9      | Noticed a two-headed ogre
  9005 | D:9      | Killed a two-headed ogre
  9006 | D:9      | Reached skill level 13 in Spellcasting
  9027 | D:9      | Reached skill level 1 in Fighting
  9153 | D:9      | Found an opulent altar of Gozag.
  9189 | D:9      | Noticed Erica
  9200 | D:9      | HP: 2/52 [Erica/+1 scimitar of flaming (3)]
  9203 | D:9      | Killed Erica
  9312 | D:9      | Found Uziwnocu's Assorted Antiques.
  9369 | D:9      | Bought a cloak for 126 gold pieces
  9443 | D:9      | Found a stormy altar of Qazlal.
  9574 | D:9      | Noticed an arcanist
  9585 | D:9      | Killed an arcanist
  9590 | D:9      | Reached skill level 14 in Spellcasting
  9595 | D:9      | Reached skill level 1 in Invocations
  9616 | D:9      | Identified the +0 quick blade of Guile {drain, ^Contam rN++
                  | MP-9 Stlth+}
  9653 | D:9      | Noticed Maurice
  9664 | D:9      | Something stole a ring of positive energy
  9665 | D:9      | Something stole a +1 dagger of freezing
  9672 | D:9      | Something stole 398 gold
  9673 | D:9      | Killed Maurice
  9687 | D:9      | Killed from afar by an efreet

Illustrated notes

Levels and vault maps discovered:
D:1:      shiori_arrival_elements, layout_basic,
          hellmonk_ecumenical_altar_leap_of_faith
D:2:      layout_basic, grunt_decor_junction, uniq_terence, uniq_natasha
D:3:      layout_basic, nicolae_dithmenos_the_darkroom,
          mainiacjoe_overflow_boulevard, serial_bayou, serial_bayou_pond_a,
          serial_bayou_pond_e, serial_bayou_pond_b, serial_bayou_ford_a,
          serial_bayou_lagoon_a
D:4:      layout_loops_cross, evilmike_ruin_ashenzari,
          mainiacjoe_overflow_six_doors_small, nicolae_ossuary_entry_plus,
          minmay_misc_feat_roman, uniq_sigmund
D:5:      layout_layer_cave, minmay_temple_entry_proselytizer, uniq_grinder
D:6:      cheibrodos_helix_gallery, layout_basic, lemuel_crystal_altar
D:7:      layout_basic, jmf_multi_god_temple2, serial_shops, shop
D:8:      layout_basic, nicolae_ru_path_of_blood
D:9:      nzn_winding_woodlands_large [nzn_winding_woodlands_5x5_cross,
          nzn_winding_woodlands_5x15_parted,
          nzn_winding_woodlands_5x5_checkerboard,
          nzn_winding_woodlands_center_diamonds,
          nzn_winding_woodlands_15x15_five_gardens,
          nzn_winding_woodlands_center_lodge,
          nzn_winding_woodlands_5x5_perimeter, nzn_winding_woodlands_5x15_pool,
          nzn_winding_woodlands_hourglass], layout_loops_ring,
          grunt_gozag_statues, old_standard_altar, lair_entry_dummy,
          serial_shops, shop, serial_bayou_lake_a, uniq_maurice, uniq_erica,
          uniq_prince_ribbit1
Temple:   hellmonk_temple_flake

Skill      XL: |  1  2  3  4  5  6  7  8  9 10 |
---------------+-------------------------------+-----
Dodging        | 3 |  3.6
Spellcasting   | 4 5 6 8 10 12 14 | 14.3
Fire Magic     | 4 5 6 7 8 10 11 | 11.6
Conjurations   | 2 3 5 6 |  6.7
Stealth        | 3 |  3.9
Necromancy     | 2 |  2.5
Fighting       | 1 |  1.2
Invocations    | 1 |  1.4

Action                     |  1- 3 |  4- 6 |  7- 9 | 10-12 || total
---------------------------+-------+-------+-------+-------++-------
  Melee: Short sword       |       |     5 |       |     1 ||     6
   Cast: Foxfire           |    37 |    76 |   195 |    86 ||   394
         Scorch            |    11 |    18 |    60 |    23 ||   112
         Necrotise         |       |       |    21 |     2 ||    23
         Flame Wave        |       |       |     1 |     3 ||     4
 Invoke: Channel Magic     |       |       |       |     1 ||     1
    Use: Potion            |     1 |       |     1 |     4 ||     6
         Scroll            |       |     8 |    11 |       ||    19
 Armour: Robe              |    12 |     1 |    37 |    30 ||    80
  Dodge: Dodged            |    17 |     3 |    16 |    12 ||    48

Table legend: (Time is in decaauts)
 A = Elapsed time spent in this place.
 B = Non-inter-level travel time spent in this place.
 C = Inter-level travel time spent in this place.
 D = Time resting spent in this place.
 E = Time spent auto-exploring this place.
 F = Levels seen in this place.
 G = Mean time per level.
                   A        B        C        D        E       F      G
               +--------+--------+--------+--------+--------+-----+--------+
         Total |   9729 |   9317 |    412 |    295 |   7762 |  10 |  972.9 |
       Dungeon |   9706 |   9304 |    402 |    295 |   7762 |   9 | 1078.4 |
        Temple |     22 |     12 |     10 |      0 |      0 |   1 |   22.0 |
               +--------+--------+--------+--------+--------+-----+--------+

Top non-repeatable levels by time:
     D:7: 1557 daAuts
     D:5: 1296 daAuts
     D:2: 1229 daAuts
     D:9: 1037 daAuts
     D:8: 1006 daAuts
     D:6: 955 daAuts
     D:4: 895 daAuts
     D:1: 869 daAuts
     D:3: 858 daAuts
  Temple: 22 daAuts
